 Dungeon Crawl Stone Soup version 0.24.0-1-gfbc8707122 (webtiles) character file.

Game seed: 6320834439019700869, levelgen mode: deterministic

219 grindst0ne the Skirmisher (level 6, -3/40 HPs)
             Began as a Kobold Berserker on Oct 28, 2019.
             Was a Follower of Trog.
             Slain by an orc
             ... wielding a +0 club
              (5 damage)
             ... on level 3 of the Dungeon.
             The game lasted 00:07:12 (1395 turns).

grindst0ne the Skirmisher (Kobold Berserker)        Turns: 1395, Time: 00:07:13

Health: -3/40      AC:  1    Str: 14    XL:     6   Next: 18%
Magic:  6/6        EV: 17    Int: 11    God:    Trog [*.....]
Gold:   68         SH:  0    Dex: 17    Spells: 5/5 levels left

rFire    . . .     SeeInvis .   a - +0 short sword
rCold    . . .     Gourm    .   (shield restricted)
rNeg     . . .     Faith    .   h - +0 leather armour
rPois    .         Spirit   .   (helmet restricted)
rElec    .         Reflect  .   (no cloak)
rCorr    .         Harm     .   (no gloves)
MR       .....                  (no boots)
Stlth    +.........             (no amulet)
HPRegen  0.13/turn              e - ring of flight
MPRegen  0.10/turn              l - +3 ring of intelligence

@: no status effects
A: small, horns 2, carnivore, deformed body
a: Berserk, Renounce Religion, Evoke Flight


You were on level 3 of the Dungeon.
You worshipped Trog.
Trog was aware of your devotion.
You were completely stuffed.

You visited 1 branch of the dungeon, and saw 3 of its levels.

You collected 68 gold pieces.

Inventory:

Hand Weapons
 a - a +0 short sword (weapon)
Armour
 b - a +0 animal skin
 h - a +0 leather armour (worn)
Jewellery
 e - a ring of flight (left hand)
 l - a +3 ring of intelligence (right hand)
Scrolls
 d - 2 scrolls of identify {unknown}
 f - a scroll of teleportation {unknown}
 g - a scroll of enchant weapon {unknown}
 k - a scroll of immolation {unknown}
Potions
 j - a potion of haste {unknown}
Comestibles
 c - 3 rations


   Skills:
 + Level 5.5 Fighting
 - Level 4.0 Short Blades
 - Level 1.5 Armour
 + Level 5.3 Dodging


You had 5 spell levels left.
You didn't know any spells.
Your spell library was empty.

Dungeon Overview and Level Annotations

Branches:
Dungeon (3/15)

Altars:

Annotations:
D:3 Grinder


Innate Abilities, Weirdness & Mutations

You are small and have problems with some larger weapons.
You are carnivorous and can eat meat at any time.
You have a pair of horns on your head.
Armour fits poorly on your strangely shaped body.


Message History

The orc misses you. The orc hits you with a +0 club. Grinder gestures at you.
You suddenly lose the ability to move!
The orc hits you with a +0 club. The orc hits you with a +0 morningstar.
The orc hits you with a +0 hand axe. The orc hits you with a +0 club.
The orc hits you with a +0 morningstar. The orc hits you with a +0 hand axe!
* * * LOW HITPOINT WARNING * * *
Grinder gestures at you.
You barely resist. The orc hits you with a +0 hand axe.
* * * LOW HITPOINT WARNING * * *
The orc barely misses you.
All of the chunks of flesh in your inventory have rotted away.
You can move again.
There is a stone staircase leading up, spattered with blood here.
Okay, then.
Okay, then.
Okay, then.
The orc hits you with a +0 club.
You die...

....... .).
....... ..
.....##.#
....... #....#
#.w..# . #.†.o#
...
#.#..oo##.....
#...5o@......#
+...#+#o......#
###. #.#.....+
. #.#.....# #
#.#.##### #.# .
#.# # #.#


You could see Grinder, a dart slug and 5 orcs.

Vanquished Creatures
  Sigmund (D:2)
  3 adders
  A dart slug (D:1)
  2 leopard geckos
  4 bats
  A giant cockroach (D:1)
  A goblin (D:2)
  4 hobgoblins
  A quokka (D:2)
  A frilled lizard (D:2)
  2 kobolds (D:1)
  2 rats (D:2)
23 creatures vanquished.

Notes
Turn   | Place    | Note
-------+----------+-------------------------------------------
     0 | D:1      | grindst0ne the Kobold Berserker began the quest for the
                  | Orb.
     0 | D:1      | Reached XP level 1. HP: 14/14 MP: 1/1
   115 | D:1      | Reached XP level 2. HP: 11/19 MP: 2/2
   571 | D:1      | Reached XP level 3. HP: 13/24 MP: 3/3
   576 | D:1      | Gained mutation: Armour fits poorly on your strangely
                  | shaped body. [potion of mutation]
   576 | D:1      | Gained mutation: You have a pair of small horns on your
                  | head. [potion of mutation]
   576 | D:1      | Gained mutation: You have a pair of horns on your head.
                  | [potion of mutation]
   590 | D:2      | HP: 1/24 [poisoned by an adder]
   873 | D:2      | Noticed Sigmund
   880 | D:2      | Killed Sigmund
   880 | D:2      | Reached skill level 5 in Fighting
   880 | D:2      | Reached skill level 5 in Dodging
   880 | D:2      | Reached XP level 4. HP: 31/31 MP: 4/4
   880 | D:2      | Reached XP level 5. HP: 35/35 MP: 5/5
   880 | D:2      | Reached XP level 6. HP: 40/40 MP: 6/6
  1311 | D:3      | Noticed Grinder
  1391 | D:3      | Paralysed by Grinder for 4 turns
  1394 | D:3      | HP: 2/40 [orc/+0 hand axe (5)]
  1395 | D:3      | Slain by an orc

Levels and vault maps discovered:
D:1:      dpeg_arrival_three_bigger_balls, layout_basic
D:2:      layout_basic, uniq_sigmund
D:3:      layout_basic, uniq_natasha, uniq_grinder

Skill      XL: |  1  2  3 |
---------------+----------+-----
Dodging        | 3 5 |  5.3
Fighting       | 5 |  5.5
Short Blades   | |  4.0
Armour         | |  1.5

Action                   |  1- 3 |  4- 6 || total
-------------------------+-------+-------++-------
Melee: Short sword       |    64 |    36 ||   100
       Headbutt          |     4 |     4 ||     8
Invok: Berserk           |     2 |     1 ||     3
  Use: Potion            |     1 |       ||     1
  Eat: Chunk             |     7 |     6 ||    13
Armor: Animal skin       |    11 |       ||    11
       Leather armour    |     2 |     7 ||     9
Dodge: Dodged            |    50 |    41 ||    91
